 Dungeon Crawl Stone Soup version 0.27.1-33-g824d729ab1 (webtiles) character file.

Game seed: 375139449959760065

110 raph the Stinger (level 4, 0/33 HPs)
             Began as a Draconian Venom Mage on Dec 28, 2021.
             Slain by a black bear (2 damage)
             ... on level 3 of the Dungeon.
             The game lasted 00:04:57 (3146 turns).

raph the Stinger (Draconian Venom Mage)             Turns: 3146, Time: 00:04:58

Health: 0/33       AC:  5    Str: 11    XL:     4   Next: 61%
Magic:  1/7        EV: 12    Int: 22    God:
Gold:   122        SH:  5    Dex: 11    Spells: 0/7 levels left

rFire    . . .     SeeInvis +   k - +1 war axe
rCold    . . .     Faith    .   (no shield)
rNeg     . . .     Spirit   .   (armour unavailable)
rPois    .         Reflect  +   (helmet restricted)
rElec    .         Harm     .   (no cloak)
rCorr    .         Rampage  .   (no gloves)
Will     .....                  (no boots)
Stlth    ++........             e - amulet of reflection
HPRegen  0.11/turn              j - ring of see invisible
MPRegen  0.10/turn              m - +6 ring of intelligence

@: no status effects
A: AC +5, unfitting armour, cold-blooded
a: no special abilities


You were on level 3 of the Dungeon.
You visited 1 branch of the dungeon, and saw 3 of its levels.

You collected 122 gold pieces.

Inventory:

Hand Weapons
 c - a +0 hand axe
 k - a +1 war axe (weapon)
Magical Staves
 a - a staff of cold
Jewellery
 e - an amulet of reflection (around neck)
 j - a ring of see invisible (left hand)
 m - a +6 ring of intelligence (right hand)
Scrolls
 d - a scroll of amnesia {unknown}
Potions
 b - 2 potions of might
 f - a potion of berserk rage {unknown}
 g - 2 potions of degeneration {unknown}
 i - 2 potions of flight {unknown}
 l - a potion of mutation {unknown}
 o - 2 potions of lignification {unknown}


   Skills:
 - Level 1.7 Dodging
 - Level 1.7 Stealth
 - Level 2.0 Spellcasting
 - Level 1.0 Transmutations
 + Level 5.4 Poison Magic


You couldn't memorise any spells.
You knew the following spells:

 Your Spells              Type           Power      Damage    Failure   Level
a - Sting                 Tmut/Pois      64%        1d6       3%          1
b - Poisonous Vapours     Pois/Air       28%        N/A       7%          2
c - Olgreb's Toxic Radia  Pois           26%        N/A       14%         4

Your spell library contained the following spells:

 Spells                   Type           Power      Damage    Failure   Level
 Slow                     Hex            2%         N/A       21%         2
 Mephitic Cloud           Conj/Pois/Air  10%        N/A       21%         3
 Confusing Touch          Hex            2%         N/A       38%         3
 Vampiric Draining        Necr           1%         2d6       38%         3


Dungeon Overview and Level Annotations

Branches:
Dungeon (3/15)

Altars:


Innate Abilities, Weirdness & Mutations

Your plain brown scales are hard. (AC +5)
You cannot fit into any form of body armour.
You are cold-blooded and may be slowed by cold attacks.


Message History

You hit the black bear. The jackal barely misses you.
The jackal bites you but does no damage.
You block the black bear's attack.
The black bear claws you but does no damage.
The black bear closely misses you.
The jackal bites you but does no damage.
The black bear closely misses you. x2; The black bear misses you.
You see here a +0 club.
You block the jackal's attack.
There is a stone staircase leading up here.
Casting: Poisonous Vapours (safe; 7% risk of failure)
Confirm with . or Enter, or press ? or * to list all spells.
You begin to radiate toxic energy.
You kill the jackal!
The black bear is poisoned.
The black bear looks even sicker.
The black bear barely misses you. The black bear claws you. x2
The black bear looks even sicker.
Your toxic aura wanes.
Aiming: Sting (safe; 3% risk of failure)
Press: ? - help, Q - select action, (/) - cycle Shift-Dir - straight line, f - black bear
Aim: a black bear (heavily wounded, very poisoned, 81% to hit)
The sting hits the black bear.
The black bear looks even sicker.
The black bear is heavily wounded.
Found 20 stones.
The black bear goes berserk!
You hear a shout!
A giant cockroach comes into view.
The black bear bites you! The black bear barely misses you.
The black bear closely misses you. The black bear bites you.
The black bear barely misses you.
The black bear claws you but does no damage.
You hear a bark!
The black bear misses you. The black bear barely misses you.
The black bear closely misses you. The black bear bites you!
* * * LOW HITPOINT WARNING * * *
The black bear claws you but does no damage.
The black bear claws you.
* * * LOW HITPOINT WARNING * * *
The black bear bites you.
You die...

#. ### .. ..# #. #.#
#. #.# #.
##.##########
###.###............
####..................
........).†<..h.#
.###.#####..###@# #..#
#.# #..# #.# #..###.#
#......# #............
#.##B###.##.# #. #.#
.# #. #.# #


You could see a black bear (berserk, very poisoned).

Vanquished Creatures
  5 adders (D:2)
  2 dart slugs (D:2)
  7 ball pythons
  4 endoplasms
  3 giant cockroaches
  6 goblins
  6 hobgoblins
  4 jackals
  5 bats
  A frilled lizard (D:2)
  7 kobolds
  10 rats
60 creatures vanquished.

Notes
Turn   | Place    | Note
-------+----------+-------------------------------------------
     0 | D:1      | raph the Draconian Venom Mage began the quest for the Orb.
     0 | D:1      | Reached XP level 1. HP: 14/14 MP: 3/3
   520 | D:1      | Reached XP level 2. HP: 20/20 MP: 1/5
  1184 | D:1      | Learned a level 2 spell: Poisonous Vapours
  1199 | D:1      | Reached skill level 4 in Poison Magic
  1697 | D:2      | Reached XP level 3. HP: 25/26 MP: 1/6
  2350 | D:2      | Reached XP level 4. HP: 30/33 MP: 4/7
  2356 | D:2      | Reached skill level 5 in Poison Magic
  2416 | D:2      | Learned a level 4 spell: Olgreb's Toxic Radiance
  3116 | D:3      | Noticed a black bear
  3146 | D:3      | Slain by a black bear

Illustrated notes

Levels and vault maps discovered:
D:1:      mrwooster_arrival_statue_2, layout_basic, chequers_arboretum
D:2:      layout_rooms, hangedman_feature_mirror, minmay_misc_feat_rows,
          minmay_tetromino_i4
D:3:      layout_loops_ring, uniq_sigmund

Skill      XL: |  1  2  3  4 |
---------------+-------------+-----
Poison Magic   | 4 5 |  5.4
Dodging        | |  1.7
Stealth        | |  1.7
Spellcasting   | |  2.0
Transmutations | |  1.0

Action                   |  1- 3 |  4- 6 || total
-------------------------+-------+-------++-------
Melee: Hand axe          |    22 |       ||    22
       Tailslap          |     8 |     2 ||    10
       Unarmed           |     1 |       ||     1
       War axe           |    35 |    31 ||    66
 Cast: Sting             |    26 |     5 ||    31
       Poisonous Vapours |     9 |    12 ||    21
       Olgreb's Toxic Ra |       |     1 ||     1
  Use: Scroll            |       |     6 ||     6
 Stab: Sleeping          |       |     4 ||     4
Armor: Skin              |    25 |    23 ||    48
Dodge: Dodged            |    53 |    34 ||    87
Block: Other             |       |     5 ||     5
